AoeStats
← Dkhan

Arabia

510202742Analyzed
1v1 RM · 23h ago on Sep 29, 2026· 29m 37s· 2 players
Game mode
Random Map
Map size
Tiny (2 player)
Population
200
Speed
Normal
Resources
Standard
Victory
Conquest
Starting age
Dark Age
Ending age
Imperial Age
RankedLock teamsTeams togetherTeam positionsShared explorationLock speedFull tech treeHidden civsTurbo modeCheats
Victory
Defeat
🇨🇴 Varangians · Colombia
1090
+16
🇻🇪 Mongols · Venezuela
1083
-16
Dkhan
5:43 Loom
8:17 Feudal Age
8:51 Double-Bit Axe
20:56 Forging
22:02 Wheelbarrow
21:21 Horse Collar
26:07 Castle Age
24:40 Gold Mining
26:05 Scale Mail Armor
26:11 Pikeman
29:34 Iron Casting
29:09 Heavy Plow
29:50 Chain Mail Armor
KVTLB
6:46 Loom
9:13 Feudal Age
15:51 Bloodlines
23:17 Castle Age
21:51 Horse Collar
21:59 Double-Bit Axe
22:56 Scale Barding Armor
23:02 Forging
24:11 Husbandry
25:56 Heavy Plow
28:01 Husbandry
Connection lost

Rejoining the realm…

Still unreachable

The connection could not be restored.

Session expired

The server has moved on; the page needs a fresh start.